 Dungeon Crawl Stone Soup version 0.30.0-29-ga12c61a403 (webtiles) character file.

Game seed: 7968659072613463915

1549 safid the Frost Mage (level 8, 0/65 HPs)
             Began as a Merfolk Ice Elementalist on June 16, 2023.
             Was an Initiate of Vehumet.
             Slain by a two-headed ogre
             ... wielding a +0 giant spiked club
              (12 damage)
             ... on level 7 of the Dungeon.
             The game lasted 00:12:00 (5902 turns).

safid the Frost Mage (Merfolk Ice Elementalist)     Turns: 5902, Time: 00:12:00

Health: 0/65       AC: 15    Str:  8    XL:     8   Next: 87%
Magic:  6/16       EV: 13    Int: 16    God:    Vehumet [......]
Gold:   428        SH:  0    Dex: 15    Spells: 11/18 levels left

rFire   . . .        E - +2 spear (venom)
rCold   . . .        (no shield)
rNeg    + . .        z - +2 robe
rPois   .            w - +1 helmet
rElec   .            q - +0 cloak
rCorr   .            (no gloves)
SInv    .            j - +0 pair of boots
Will    .....        c - amulet of the acrobat
Stlth   ++           n - ring of positive energy
HPRegen 0.30/turn    t - ring of wizardry
MPRegen 0.15/turn

%: acrobat, wizardry (x1)
@: ice-armoured, freezing walls
A: (nimble swimmer 2), mertail
a: Renounce Religion


You were on level 7 of the Dungeon.
You worshipped Vehumet.
Vehumet was noncommittal.
You visited 2 branches of the dungeon, and saw 8 of its levels.

You collected 428 gold pieces.

Inventory:

Hand Weapons
 e - a +1 dagger of venom
 E - a +2 spear of venom (weapon)
Missiles
 x - a throwing net
Armour
 j - a +0 pair of boots (worn)
 q - a +0 cloak (worn)
 w - a +1 helmet (worn)
 z - a +2 robe (worn)
Jewellery
 c - an amulet of the acrobat (around neck)
 n - a ring of positive energy (left hand)
 t - a ring of wizardry (right hand)
Wands
 y - a wand of polymorph (16)
Scrolls
 g - 2 scrolls of noise {unknown}
 k - 2 scrolls of teleportation
 r - 2 scrolls of blinking {unknown}
 s - 2 scrolls of immolation {unknown}
 v - 5 scrolls of magic mapping
 B - a scroll of silence
 C - a scroll of amnesia
 D - a scroll of butterflies
Potions
 a - a potion of berserk rage {unknown}
 b - a potion of magic
 d - 7 potions of brilliance
 f - 2 potions of haste {unknown}
 h - 3 potions of curing {unknown}
 i - 2 potions of ambrosia {unknown}
 m - 3 potions of mutation {unknown}
 o - a potion of attraction {unknown}
 p - 2 potions of heal wounds {unknown}
 u - a potion of flight {unknown}
 A - a potion of might {unknown}


   Skills:
 + Level 6.5 Fighting
 - Level 4.0 Dodging
 - Level 2.1 Stealth
 + Level 5.9 Spellcasting
 + Level 8.0 Ice Magic


You had 11 spell levels left.
You knew the following spells:

 Your Spells              Type           Power      Damage    Failure   Level
a - Freeze                Ice            100%       1d10      1%          1
b - Frozen Ramparts       Ice            60%        1d10      1%          3
c - Ozocubu's Armour      Ice            30%        N/A       1%          3

Your spell library contained the following spells:

 Spells                   Type           Power      Damage    Failure   Level
 Cigotuvi's Dreadful Rot  Necr/Pois/Air  8%         N/A       9%          2
 Summon Ice Beast         Ice/Summ       17%        N/A       11%         4
 Tukima's Dance           Hex            4%         N/A       16%         3
 Dispel Undead            Necr           4%         3d7       45%         4
 Passage of Golubria      Tloc           4%         N/A       45%         4
 Silence                  Hex/Air        2%         N/A       80%         5
 Yara's Violent Unravell  Hex/Tmut       2%         3d3       80%         5
 Death Channel            Necr           2%         N/A       100%        6
 Lehudib's Crystal Spear  Conj/Erth      2%         10d2      100%        8


Dungeon Overview and Level Annotations

Branches:
Dungeon (7/15)             Temple (1/1) D:5

Altars:
Elyvilon
Fedhas
Gozag
Nemelex Xobeh
Okawaru
Trog
Uskayaw
Vehumet
Wu Jian
Xom

Shops:
D:2 *   D:6 [

Annotations:
D:3 2 runed translucent doors, hawla's ghost, amateur MeFE


Innate Abilities, Weirdness & Mutations

((You are very nimble when in or above water. (Stealth+, EV+, Speed+++)))
Your lower body shifts to a powerful aquatic tail in water.


Message History

You freeze the two-headed ogre!
The two-headed ogre is moderately wounded.
Unknown command.
Casting: Freeze (safe; 1% risk of failure)
Confirm with . or Enter, or press ? or * to list all spells.
Aiming: Freeze (safe; 1% risk of failure)
Press: ? - help, Shift-Dir - straight line, f/p - two-headed ogre
Aim: a two-headed ogre, wielding a +0 giant spiked club and a +0 giant club (moderately wounded)
You freeze the two-headed ogre.
The two-headed ogre is moderately wounded.
The wall freezes the two-headed ogre!
The two-headed ogre hits you with a +0 giant spiked club!
The two-headed ogre hits you with a +0 giant club!
* * * LOW HITPOINT WARNING * * *
Okay, then.
As you read the scroll of fear, it crumbles to dust.
You assume a fearsome visage.
The two-headed ogre looks frightened!
The wall freezes the two-headed ogre.
Your attack snaps the two-headed ogre out of its fear.
The two-headed ogre barely misses you.
The two-headed ogre hits you with a +0 giant club.
* * * LOW HITPOINT WARNING * * *
Casting: Freeze (safe; 1% risk of failure)
Confirm with . or Enter, or press ? or * to list all spells.
Aiming: Freeze (safe; 1% risk of failure)
Press: ? - help, Shift-Dir - straight line, f/p - two-headed ogre
Aim: a two-headed ogre, wielding a +0 giant spiked club and a +0 giant club (heavily wounded)
You freeze the two-headed ogre.
The two-headed ogre is severely wounded.
Unknown command.
Casting: Freeze (safe; 1% risk of failure)
Confirm with . or Enter, or press ? or * to list all spells.
Aiming: Freeze (safe; 1% risk of failure)
Press: ? - help, Shift-Dir - straight line, f/p - two-headed ogre
Aim: a two-headed ogre, wielding a +0 giant spiked club and a +0 giant club (severely wounded)
You freeze the two-headed ogre.
The two-headed ogre is severely wounded.
The wall freezes the two-headed ogre.
The two-headed ogre hits you with a +0 giant spiked club!
You die...

#.....##.#
##......###
#.......#
#......## #
#......#
#..
##.#####
#...#.###
#.....#
###.#@#
#.#O# #.#..
#.....
..##..# #.#
#.. #. ...
.#..


You could see a two-headed ogre.

Vanquished Creatures
  A water moccasin (D:6)
  An ogre (D:5)
  A centaur (D:5)
  Blork the orc (D:4)
  2 scorpions
  A gnoll sergeant (D:6)
  4 wights
  A howler monkey (D:6)
  8 hounds
  A gnoll bouda (D:4)
  2 orc priests
  6 iguanas
  A sleepcap (D:5)
  8 gnolls
  7 adders
  A shadow imp (D:6)
  A white imp (D:7)
  3 ufetubi
  2 dart slugs
  12 orcs
  8 ball pythons
  7 endoplasms
  10 giant cockroaches
  6 goblins
  6 hobgoblins
  7 jackals
  4 quokkas
  5 bats
  5 frilled lizards
  6 kobolds
  4 rats
132 creatures vanquished.

Notes
Turn   | Place    | Note
-------+----------+-------------------------------------------
     0 | D:1      | safid the Merfolk Ice Elementalist began the quest for the
                  | Orb.
     0 | D:1      | Reached XP level 1. HP: 13/13 MP: 3/3
    81 | D:1      | Reached XP level 2. HP: 11/20 MP: 1/5
    87 | D:1      | Reached skill level 1 in Fighting
    89 | D:1      | HP: 1/21 [frilled lizard (1)]
   367 | D:1      | Reached XP level 3. HP: 19/26 MP: 6/6
   411 | D:1      | Learned a level 3 spell: Frozen Ramparts
   824 | D:2      | Found a faded altar of an unknown god.
  1018 | D:2      | Reached skill level 5 in Ice Magic
  1018 | D:2      | Reached XP level 4. HP: 22/33 MP: 3/8
  1027 | D:2      | Learned a level 3 spell: Ozocubu's Armour
  1336 | D:2      | Found Lonodap's Assorted Antiques.
  1640 | D:3      | Found a large runed translucent door.
  1640 | D:3      | Found a large runed translucent door.
  1642 | D:3      | Noticed hawla's ghost (amateur MeFE)
  2062 | D:3      | Reached XP level 5. HP: 33/39 MP: 9/9
  2560 | D:4      | Reached XP level 6. HP: 36/47 MP: 2/11
  2967 | D:4      | Found a white marble altar of Elyvilon.
  2970 | D:4      | Noticed Blork the orc
  2983 | D:4      | Killed Blork the orc
  2984 | D:4      | Reached skill level 6 in Ice Magic
  2984 | D:4      | Reached XP level 7. HP: 40/53 MP: 3/13
  3207 | D:5      | Entered Level 5 of the Dungeon
  3225 | D:5      | You fall into a shaft and drop 1 floor!
  4067 | D:5      | Found a staircase to the Ecumenical Temple.
  4082 | D:5      | Reached skill level 5 in Fighting
  4087 | Temple   | Entered the Ecumenical Temple
  4209 | Temple   | Became a worshipper of Vehumet
  4427 | D:6      | Reached XP level 8. HP: 61/62 MP: 15/15
  4502 | D:6      | Reached skill level 5 in Spellcasting
  4502 | D:6      | Reached skill level 7 in Ice Magic
  5275 | D:6      | Found Ikhu's Antique Armour Shop.
  5517 | D:6      | Found a large runed translucent door.
  5517 | D:6      | Found a large runed translucent door.
  5525 | D:6      | Found an opulent altar of Gozag.
  5525 | D:6      | Found an ornate altar of the Wu Jian Council.
  5688 | D:6      | Found a hide-covered altar of Uskayaw.
  5733 | D:6      | Found a sparkling altar of Nemelex Xobeh.
  5843 | D:7      | Reached skill level 8 in Ice Magic
  5891 | D:7      | Noticed a two-headed ogre
  5902 | D:7      | Slain by a two-headed ogre

Illustrated notes

Levels and vault maps discovered:
D:1:      mrwooster_arrival_statue, layout_rooms, moated_statue,
          amethyst_killhole, minmay_bisected
D:2:      layout_basic, serial_shops, shop,
          hellmonk_ecumenical_altar_arch_garden, hangedman_decor_points
D:3:      layout_rooms, serial_forest, infiniplex_forest_clump_diagonal,
          infiniplex_forest_split, infiniplex_forest_lined_corner,
          infiniplex_forest_lined_3_way, infiniplex_forest_clump_medium,
          ebering_ghost_disaster_area
D:4:      layout_rooms, amcnicky_altar_gilded, uniq_blork_the_orc
D:5:      layout_basic, temple_green, kennysheep_generic_room_2
D:6:      layout_cave_pools, gammafunk_temple_overflow_elements,
          jmf_multi_god_temple2, serial_shops, nicolae_shop_real_fake_doors
D:7:      kennysheep_big_flooded_room, layout_rooms,
          gammafunk_temple_overflow_statue, minmay_strange_pillars
Temple:   hellmonk_temple_forest_ring

Skill      XL: |  1  2  3  4  5  6  7  8 |
---------------+-------------------------+-----
Fighting       | 1 2 3 5 6 |  6.5
Ice Magic      | 5 6 8 |  8.0
Spellcasting   | 3 4 5 |  5.9
Dodging        | 3 4 |  4.0
Stealth        | |  2.1

Action                     |  1- 3 |  4- 6 |  7- 9 || total
---------------------------+-------+-------+-------++-------
  Melee: Dagger            |    87 |   172 |    72 ||   331
         Unarmed           |     3 |       |       ||     3
         Punch             |     1 |     1 |     5 ||     7
         Spear             |       |       |    90 ||    90
   Cast: Freeze            |    12 |     1 |    14 ||    27
         Frozen Ramparts   |     1 |     7 |    26 ||    34
         Ozocubu's Armour  |       |     2 |    14 ||    16
    Use: Scroll            |       |       |     9 ||     9
         Potion            |       |       |     1 ||     1
   Stab: Sleeping          |     6 |     5 |     1 ||    12
 Armour: Robe              |    19 |    41 |    83 ||   143
  Dodge: Dodged            |    68 |   108 |   169 ||   345
